General information
			
			
        
        - name: BNet
 
        - type: Ladder 1vs1/FFA
 
        - host: Battle.net
 
        - saver: MrFrosty
 
        
map: TwistedMeadows 
        - players: 2
 
        - length: 18:19
 
        - speed: Fast
 - version: 1.22 W3XP
 - replay type:  Public
 
» download(85 KB)
Players
        team 1 (loser) 
              
              
Undead_Bob (
orange | 228 APM | 4166 actions | 18:17)
              
 3 Goblin Alchemist 
 2 Acid Bomb
 1 Chemical Rage
 3 Pandaren Brewmaster 
 1 Breath of Fire
 2 Drunken Haze
 
                » actions 
                
                | Assign group hotkey | 29 |  | 
| Basic commands | 205 |  | 
| Build / train | 72 |  | 
| ESC pressed | 5 |  | 
| Enter build submenu | 11 |  | 
| Enter hero's abilities submenu | 7 |  | 
| Give item / drop item | 1 |  | 
| Right click | 1054 |  | 
| Select / deselect | 588 |  | 
| Select group hotkey | 2106 |  | 
| Use ability | 88 |  | 
                4166 total
 » units 
                
                | Acolyte | 7 |  | 
| Ghoul | 30 |  | 
| Meatwagon | 11 |  | 
| Obsidian Statue | 2 |  | 
| Gargoyle | 2 |  | 
                52 total
 » upgrades
                
                | Cannibalize | 1 |  | 
| Unholy Strength | 2 |  | 
| Unholy Armor | 1 |  | 
                4 total
 » buildings
                
                | Crypt | 1 |  | 
| Ziggurat | 5 |  | 
| Altar of Darkness | 2 |  | 
| Tomb of Relics | 1 |  | 
| Halls of the Dead | 1 |  | 
| Graveyard | 1 |  | 
| Slaughterhouse | 1 |  | 
| Black Citadel | 1 |  | 
                13 total
 » build order
                00:05 Crypt
00:07 Ziggurat
00:50 Altar of Darkness
00:55 Altar of Darkness
00:58 Ziggurat
01:30 Tomb of Relics
03:17 Halls of the Dead
04:18 Ziggurat
05:02 Graveyard
05:07 Ziggurat
06:43 Slaughterhouse
09:39 Ziggurat
16:26 Black Citadel
» items
                
                | Rod of Necromancy | 2 |  | 
| Potion of Lesser Invulnerability | 1 |  | 
                3 total
  
               team 2 (winner) 
              
              
MrFrosty (
yellow | 126 APM | 2312 actions | 18:19)
              
 5 Archmage 
 3 Summon Water Elemental
 2 Brilliance Aura
 2 Mountain King 
 1 Storm Bolt
 1 Bash
 1 Paladin 
 1 Holy Light
 
                » actions 
                
                | Assign group hotkey | 24 |  | 
| Basic commands | 18 |  | 
| Build / train | 70 |  | 
| Enter build submenu | 25 |  | 
| Enter hero's abilities submenu | 8 |  | 
| Give item / drop item | 4 |  | 
| Right click | 1255 |  | 
| Select / deselect | 420 |  | 
| Select group hotkey | 370 |  | 
| Use ability | 118 |  | 
                2312 total
 » units 
                
                | Peasant | 14 |  | 
| Footman | 9 |  | 
| Goblin Shredder | 1 |  | 
| Goblin Zeppelin | 1 |  | 
| Knight | 2 |  | 
| Gryphon Rider | 1 |  | 
                28 total
 » upgrades
                
                | Masonry | 1 |  | 
| Backpack | 1 |  | 
| Animal War Training | 1 |  | 
| Storm Hammers | 1 |  | 
                4 total
 » buildings
                
                | Altar of Kings | 1 |  | 
| Farm | 8 |  | 
| Barracks | 1 |  | 
| Scout Tower | 7 |  | 
| Arcane Tower | 3 |  | 
| Lumber Mill | 1 |  | 
| Guard Tower | 4 |  | 
| Arcane Vault | 2 |  | 
| Town Hall | 1 |  | 
| Keep | 1 |  | 
| Castle | 1 |  | 
| Gryphon Aviary | 1 |  | 
| Blacksmith | 1 |  | 
                32 total
 » build order
                00:06 Altar of Kings
00:10 Farm
00:50 Barracks
01:05 Farm
01:31 Scout Tower
02:40 Arcane Tower
02:46 Farm
03:11 Lumber Mill
03:17 Farm
03:32 Scout Tower
04:17 Guard Tower
04:29 Arcane Vault
04:42 Scout Tower
06:00 Arcane Tower
06:42 Farm
07:19 Scout Tower
07:21 Scout Tower
07:25 Town Hall
07:28 Scout Tower
07:51 Guard Tower
07:56 Arcane Tower
08:04 Guard Tower
08:43 Scout Tower
08:59 Keep
09:15 Guard Tower
09:27 Farm
11:52 Castle
12:10 Gryphon Aviary
12:12 Blacksmith
12:25 Farm
12:26 Farm
16:00 Arcane Vault
» items
                
                | Boots of Speed | 1 |  | 
| Lesser Clarity Potion | 3 |  | 
| Scroll of Regeneration | 7 |  | 
| Scroll of Town Portal | 1 |  | 
| Potion of Healing | 3 |  | 
| Scroll of Healing | 1 |  | 
| Staff of Sanctuary | 1 |  | 
                17 total
  
                Chat log
          
(18:13 / All) Undead_Bob: Gg
(18:14 / All) MrFrosty: gg